 Dungeon Crawl Stone Soup version 0.18-a0-993-g4a3b7c7 (webtiles) character file.

2171 sugabear the Ducker (level 9, -1/46 HPs)
             Began as a Vine Stalker Gladiator on Jan 4, 2016.
             Was a Follower of Qazlal.
             Slain by a wyvern (12 damage)
             ... on level 7 of the Dungeon.
             The game lasted 00:13:12 (6921 turns).

sugabear the Ducker (Vine Stalker Gladiator)        Turns: 6921, Time: 00:13:12

Health: -1/46      AC:  7    Str: 20    XL:     9   Next: 32%
Magic:  0/13       EV: 15    Int:  8    God:    Qazlal [*.....]
Gold:   334        SH:  2    Dex: 16    Spells: 0 memorised, 8 levels left

rFire  . . .     SeeInvis .     h - +1 whip (elec)
rCold  + . .     Gourm    .     A - +0 leather armour {rC+}
rNeg   . . .     Faith    .     (no shield)
rPois  .         Spirit   +     c - +0 helmet
rElec  .         Dismiss  .     s - +0 cloak
rCorr  .         Reflect  .     (no gloves)
SustAt .         Harm     .     r - +0 pair of boots
MR     ++...                    (no amulet)
Stlth  ++........               (no ring)
                                I - ring of protection from magic

@: very resistant to hostile enchantments, unstealthy
A: fangs 3, regeneration 2, magic shield, antimagic bite, no device heal 3, rot
immunity
a: Renounce Religion


You were on level 7 of the Dungeon.
You worshipped Qazlal.
Qazlal was aware of your devotion.
You were not hungry.

You visited 2 branches of the dungeon, and saw 8 of its levels.

You collected 418 gold pieces.
You spent 84 gold pieces at shops.

Inventory:

Hand Weapons
 a - a +3 whip of venom
 b - a +0 hunting sling
 h - a +1 whip of electrocution (weapon)
 l - a +2 mace of protection
 P - a +1 antimagic mace
 S - the +5 war axe of Suunoat {chop, rElec rC+}
   (You found it on level 6 of the Dungeon)

   It inflicts extra damage upon your enemies.
   It protects you from cold.
   It insulates you from electricity.
Missiles
 d - 2 throwing nets (quivered)
 p - 141 stones
Armour
 c - a +0 helmet (worn)
 o - a +0 leather armour
 r - a +0 pair of boots (worn)
 s - a +0 cloak (worn)
 A - a +0 leather armour of cold resistance (worn)
Jewellery
 I - a ring of protection from magic (left hand)
Wands
 i - a wand of cold (5/15)
 v - a wand of flame (48/48)
 y - a wand of slowing (25/48)
 M - a wand of slowing (20/48)
Scrolls
 e - 2 scrolls of blinking {unknown}
 j - 2 scrolls of enchant weapon
 q - 3 scrolls of recharging
 t - a scroll of fog
 w - 2 scrolls of magic mapping
 J - 2 scrolls of random uselessness {unknown}
 N - a scroll of immolation {unknown}
 Q - a scroll of vulnerability {unknown}
Potions
 g - 10 potions of curing
 k - a potion of heal wounds {unknown}
 m - a potion of might
 u - a potion of resistance {unknown}
 z - a potion of agility
 K - a potion of haste {unknown}
 L - 3 potions of mutation
 R - a potion of invisibility {unknown}
Comestibles
 f - 5 bread rations
 n - 7 chunks of flesh
 D - 3 fruits
 G - a meat ration


   Skills:
 + Level 4.6 Fighting
 + Level 0.3(2.7) Axes
 + Level 4.4 Maces & Flails
 + Level 2.5(2.8) Slings
 + Level 1.8(2.5) Throwing
 + Level 4.6 Armour
 + Level 5.7 Dodging
 - Level 2.5 Stealth
 * Level 4.2 Invocations


You had 8 spell levels left.
You didn't know any spells.

Dungeon Overview and Level Annotations

Branches:
Dungeon (7/15)             Temple (1/1) D:5

Altars:
Dithmenos
Elyvilon
Fedhas
Gozag
Kikubaaqudgha
Makhleb
Nemelex Xobeh
Okawaru
Qazlal
Ru
Sif Muna
Trog
Vehumet
Xom
Yredelemnul
Zin
The Shining One

Shops:
D:5 !   D:6 }


Innate Abilities, Weirdness & Mutations

You have razor-sharp teeth.
You heal very quickly.
When hurt, damage is shared between your health and your magic reserves.
Your bite disrupts and absorbs the magic of your enemies.
Potions and wands cannot restore your health.
You are immune to rotting.


Message History

The wyvern is heavily wounded.
The wyvern bites you but does no damage.
You closely miss the wyvern.
The wyvern is heavily wounded.
The wyvern barely misses you. The wyvern bites you.
* * * LOW HITPOINT WARNING * * *
You are too injured to fight recklessly!
You are too injured to fight recklessly!
Unknown command.
The wyvern barely misses you.
The wyvern bites you but does no damage.
The wyvern bites you!
* * * LOW HITPOINT WARNING * * *
Things that are here:
an enchanted short sword; a robe
Items here: )) [[ a falchion; a robe; a trident; a robe The wyvern closely misses you.
The wyvern bites you!
You die...

#........##.###
#.#.............
####n........#
#H########. #.#
#s# #.# #l#
#@###########
#...........#
###########.#
#.# #########.#
#.........#
#.######### .#
#.# ..# #.#


You could see a hippogriff, a wyvern, a necrophage and a giant cockroach.

Vanquished Creatures
  Grinder (D:6)
  A hippogriff (D:7)
  Menkaure (D:5)
  Duvessa (D:7)
  An ice beast (D:5)
  2 phantoms
  An ogre (D:5)
  A centaur (D:6)
  A big kobold (D:7)
  Dowan (D:7)
  A scorpion (D:6)
  8 wights
  2 crimson imps (D:5)
  An orc priest (D:5)
  Crazy Yiuf (D:2)
  A centaur skeleton (D:6)
  A hound (D:6)
  A giant frog skeleton (D:5)
  An iguana (D:4)
  4 orc wizards
  5 worker ants
  A hound zombie (D:5)
  A hound skeleton (D:7)
  3 gnolls (D:3)
  7 adders
  An adder skeleton (D:7)
  4 worms
  2 giant geckos (D:2)
  17 orcs
  9 bats
  5 giant cockroaches
  9 hobgoblins
  3 jackals (D:1)
  4 ball pythons
  5 giant newts
  9 goblins
  13 kobolds
  11 rats
141 creatures vanquished.

Notes
Turn   | Place    | Note
--------------------------------------------------------------
     0 | D:1      | sugabear the Vine Stalker Gladiator began the quest for the Orb.
     0 | D:1      | Reached XP level 1. HP: 11/11 MP: 2/2
   199 | D:1      | Reached XP level 2. HP: 15/15 MP: 3/3
   475 | D:1      | Reached skill level 3 in Maces & Flails
   475 | D:1      | Reached XP level 3. HP: 14/18 MP: 4/4
   978 | D:2      | Noticed Crazy Yiuf
   996 | D:2      | Killed Crazy Yiuf
   996 | D:2      | Reached skill level 1 in Stealth
   996 | D:2      | Reached XP level 4. HP: 7/23 MP: 1/5
  1794 | D:2      | Found an opulent altar of Gozag.
  1794 | D:2      | Found a sparkling altar of Nemelex Xobeh.
  2237 | D:3      | Reached XP level 5. HP: 22/27 MP: 4/6
  2625 | D:3      | Reached skill level 1 in Armour
  3203 | D:4      | Found a white marble altar of Elyvilon.
  3304 | D:4      | Found a sacrificial altar of Ru.
  3305 | D:4      | Found an ancient bone altar of Kikubaaqudgha.
  3377 | D:4      | Noticed a phantom
  3412 | D:4      | Killed a phantom
  3412 | D:4      | Gained mutation: You heal very quickly. [Vine Stalker growth]
  3412 | D:4      | Reached XP level 6. HP: 10/32 MP: 3/7
  3882 | D:4      | Reached skill level 4 in Dodging
  3978 | D:4      | Found a shadowy altar of Dithmenos.
  4426 | D:5      | Entered Level 5 of the Dungeon
  4518 | D:5      | Reached XP level 7. HP: 34/36 MP: 8/8
  4560 | D:5      | Noticed Menkaure
  4565 | D:5      | Killed Menkaure
  4816 | D:5      | Found a staircase to the Ecumenical Temple.
  4907 | Temple   | Entered the Ecumenical Temple
  4962 | Temple   | Became a worshipper of Qazlal Stormbringer
  5091 | D:5      | Reached skill level 1 in Invocations
  5196 | D:5      | Gained mutation: You have razor-sharp teeth. [Vine Stalker growth]
  5196 | D:5      | Reached XP level 8. HP: 35/42 MP: 7/10
  5207 | D:5      | Found Xosiexoneo's Distillery.
  5219 | D:5      | Bought a potion of curing for 39 gold pieces
  5219 | D:5      | Bought a potion of mutation for 32 gold pieces
  5219 | D:5      | Bought a potion of poison for 13 gold pieces
  5525 | D:6      | Noticed Grinder
  5673 | D:6      | Found Dolex's Gadget Shop.
  5725 | D:6      | Got a jewelled war axe
  5726 | D:6      | Identified the +5 war axe of Suunoat {chop, rElec rC+} (You found it on level 6 of the Dungeon)
  5980 | D:6      | Killed Grinder
  5980 | D:6      | Reached skill level 1 in Slings
  5980 | D:6      | Reached skill level 5 in Dodging
  6471 | D:7      | Noticed Duvessa
  6471 | D:7      | Noticed Dowan
  6481 | D:6      | Reached * piety under Qazlal
  6505 | D:6      | HP: 1/42 [wight/trident (3)]
  6601 | D:6      | Reached XP level 9. HP: 30/46 MP: 8/12
  6640 | D:7      | Killed Duvessa
  6759 | D:7      | Killed Dowan
  6921 | D:7      | Slain by a wyvern

Vault maps used:
D:1:      dpeg_arrival_erosion
D:2:      grunt_temple_overflow_opulence, serial_park_tiny_2,
          hangedman_decor_points, fountainhead, uniq_crazy_yiuf_cottage
D:4:      elyvilon_altar_4, gammafunk_temple_overflow_pools,
          nicolae_dithmenos_through_a_glass_darkly
D:5:      minmay_temple_entry_fiery, serial_shops, shop_coins, first_bread,
          uniq_menkaure
D:6:      serial_shops, shop_statue, uniq_grinder
D:7:      uniq_duvessa
Temple:   zaba_magenta_temple_12

Action                   |  1- 3 |  4- 6 |  7- 9 || total
-------------------------+-------+-------+-------++-------
Melee: Flail             |    84 |    24 |       ||   108
       Whip              |       |   155 |   130 ||   285
       War axe           |       |       |    34 ||    34
 Fire: Hunting sling     |       |       |    28 ||    28
Throw: Throwing net      |     1 |       |       ||     1
  Use: Scroll            |       |       |    11 ||    11
 Stab: Sleeping          |     3 |     5 |       ||     8
       Held in net/web   |     1 |       |       ||     1
  Eat: Chunk             |       |    10 |     9 ||    19
